 Dungeon Crawl Stone Soup version 0.29.1-15-g9cfb28693d (webtiles) character file.

Game seed: 6792538195063982014

1540 drjones the Carver (level 8, -7/62 HPs)
             Began as a Minotaur Gladiator on Apr 9, 2023.
             Was an Elder of Nemelex Xobeh.
             Mangled by a gnoll
             ... wielding a +0 halberd
              (10 damage)
             ... in a bailey.
             The game lasted 00:13:40 (4665 turns).

drjones the Carver (Minotaur Gladiator)             Turns: 4665, Time: 00:13:41

Health: -7/62      AC: 10    Str: 21    XL:     8   Next: 56%
Magic:  7/7        EV:  5    Int:  5    God:    Nemelex Xobeh [****..]
Gold:   127        SH:  0    Dex: 18    Spells: 7/7 levels left

rFire   . . .      SeeInvis .   r - +8 falchion of Neotofuj {venom, rC+}
rCold   + . .      Faith    .   (no shield)
rNeg    . . .      Spirit   .   g - +0 chain mail
rPois   .          Reflect  .   c - +0 hat
rElec   .          Harm     .   E - +1 cloak
rCorr   .          Rampage  .   (no gloves)
Will    .....                   (no boots)
Stlth   ..........              o - amulet of regeneration
HPRegen 1.00/turn               p - +6 ring of dexterity
MPRegen 0.10/turn               (no ring)

@: about to teleport, weakened, held
A: horns 2, retaliatory headbutt, no potion heal 1, subdued magic 1
a: Renounce Religion, Draw Escape, Draw Destruction, Draw Summoning, Triple
Draw, Deal Four


You were in a bailey.
You worshipped Nemelex Xobeh.
Nemelex Xobeh was greatly pleased with you.
You visited 1 branch of the dungeon, and saw 7 of its levels.
You also visited: Bailey.

You collected 276 gold pieces.
You spent 149 gold pieces at shops.

Inventory:

Hand Weapons
 a - a +0 flail
 f - a +0 mace
 k - a +0 whip
 r - the +8 falchion of Neotofuj (weapon) {venom, rC+}
   (You found it on level 3 of the Dungeon)

   It poisons the flesh of those it strikes.
   rC:        It protects you from cold.
Missiles
 d - 4 throwing nets (quivered)
 e - a javelin
Armour
 c - a +0 hat (worn)
 g - a +0 chain mail (worn)
 w - an orb of mayhem
 E - a +1 cloak (worn)
Jewellery
 o - an amulet of regeneration (around neck)
 p - a +6 ring of dexterity (left hand)
 s - a ring of see invisible
 y - a ring of fire
Wands
 q - a wand of flame (6)
Scrolls
 i - a scroll of teleportation
 j - 2 scrolls of enchant weapon {unknown}
 l - a scroll of summoning {unknown}
 m - a scroll of torment {unknown}
 v - a scroll of poison {unknown}
 x - 3 scrolls of amnesia
 C - a scroll of noise {unknown}
Potions
 b - a potion of resistance {unknown}
 h - 2 potions of lignification
 n - 5 potions of brilliance
 t - 2 potions of invisibility
 u - a potion of magic {unknown}
 z - 2 potions of flight {unknown}
 A - a potion of haste {unknown}
 B - a potion of heal wounds {unknown}
 D - a potion of berserk rage {unknown}
 F - a potion of curing {unknown}


   Skills:
 - Level 2.4 Fighting
 + Level 10.8 Long Blades
 - Level 7.8 Maces & Flails
 - Level 2.0 Throwing
 - Level 3.2 Dodging


You had 7 spell levels left.
You didn't know any spells.
Your spell library contained the following spells:

 Spells                   Type           Power      Damage    Failure   Level
 Blink                    Tloc           0%         N/A       100%        2
 Lesser Beckoning         Tloc           0%         N/A       100%        3
 Cause Fear               Hex            0%         N/A       100%        4
 Manifold Assault         Tloc           0%         N/A       100%        5
 Dragon Form              Tmut           0%         N/A       100%        7
 Dragon's Call            Summ           0%         N/A       100%        9


Dungeon Overview and Level Annotations

Branches:
Dungeon (7/15)             Bailey (1/1)
 Temple: D:4-7

Altars:
Dithmenos
Fedhas
Gozag
Nemelex Xobeh

Shops:
D:7 [

Annotations:
D:5 Menkaure


Innate Abilities, Weirdness & Mutations

You have a pair of horns on your head.
You reflexively headbutt those who attack you in melee.
Potions are less effective at restoring your health.
Your spells are a little easier to cast, but a little less powerful.


Message History

The gnoll closely misses you. x2
The gnoll bouda barks out a call to the hunt!
The gnolls pick up the pace!
Okay, then.
Unknown command.
Okay, then.
Unknown command.
Okay, then.
The gnoll sergeant hits you from afar with a +0 glaive.
The gnoll throws a throwing net.
The throwing net hits you.
You become entangled in the net!
The gnoll hits you but does no damage.
You see here a throwing net.
You struggle against the net.
The gnoll sergeant hits you from afar with a +0 glaive!
The gnoll hits you but does no damage.
The gnoll hits you from afar with a +0 trident.
The gnoll hits you with a +0 halberd.
You struggle against the net.
The gnoll sergeant hits you from afar with a +0 glaive.
The gnoll hits you from afar with a +0 trident. x2
The gnoll bouda gazes fiercely through you!
You feel your attacks grow feeble. The gnoll hits you with a +0 halberd!
As you read the scroll labelled VAUDWO NEIS, it crumbles to dust.
You feel strangely unstable.
It was a scroll of teleportation.
The gnoll sergeant closely misses you. The gnoll hits you but does no damage.
The gnoll hits you from afar with a +0 trident.
* * * LOW HITPOINT WARNING * * *
The gnoll hits you with a +0 halberd.
* * * LOW HITPOINT WARNING * * *
You struggle against the net.
The gnoll sergeant hits you from afar with a +0 glaive.
* * * LOW HITPOINT WARNING * * *
The gnoll hits you from afar with a +0 trident.
* * * LOW HITPOINT WARNING * * *
The gnoll hits you from afar with a +0 trident.
* * * LOW HITPOINT WARNING * * *
The gnoll hits you with a +0 halberd!
You die...
Your body disappears without a glow. ##.....## #.......# #..$8$..# ....... ♣≈ .gg.. ≈♣ ♣≈ ggg

≈♣ ♣≈ ##'## ≈♣ ♣≈
#.@.# ≈♣ ♣≈## #.g.#
##≈♣ ♣≈.# #...# #.≈♣
♣≈.######'''######.≈♣
♣≈.................≈♣
♣≈≈...............≈≈♣
♣♣≈≈≈≈≈≈≈...≈≈≈≈≈≈≈♣♣
♣♣...............♣♣
♣♣♣...........♣♣♣


You could see a gnoll sergeant (swift), a gnoll bouda and 4 gnolls.

Vanquished Creatures
  A wyvern (D:7)
  A water moccasin (D:5)
  2 sky beasts (D:7)
  An ogre (D:5)
  A phantom (D:3)
  A kobold brigand (D:7)
  A necrophage (D:7)
  3 scorpions
  4 hounds
  4 jellies
  An orc priest (D:5)
  Ijyb (D:3)
  4 iguanas
  2 orc wizards
  2 gnolls (Bailey)
  6 adders
  A shadow imp (D:7)
  An ufetubus (D:5)
  A worm (D:2)
  A dart slug (D:3)
  9 orcs
  9 ball pythons
  2 bats
  6 endoplasms
  2 giant cockroaches
  8 goblins
  5 hobgoblins
  5 jackals
  4 quokkas
  4 frilled lizards
  11 kobolds
  3 rats
107 creatures vanquished.

Vanquished Creatures (collateral kills)
  3 orcs (D:3)
  3 jackals (D:4)
6 creatures vanquished.

Vanquished Creatures (others)
  An orc (D:5)
1 creature vanquished.

Grand Total: 114 creatures vanquished

Notes
Turn   | Place    | Note
-------+----------+-------------------------------------------
     0 | D:1      | drjones the Minotaur Gladiator began the quest for the Orb.
     0 | D:1      | Reached XP level 1. HP: 18/18 MP: 0/0
   274 | D:1      | Reached XP level 2. HP: 24/25 MP: 1/1
   730 | D:1      | Found a faded altar of an unknown god.
   737 | D:1      | Prayed at the altar of an unknown god.
   737 | D:1      | Became a worshipper of Nemelex Xobeh the Trickster
   737 | D:1      | Reached * piety under Nemelex Xobeh
   737 | D:1      | Received a gift from Nemelex Xobeh
  1034 | D:2      | Reached skill level 5 in Maces & Flails
  1149 | D:2      | Reached XP level 3. HP: 28/30 MP: 2/2
  1521 | D:3      | Found a shadowy altar of Dithmenos.
  1527 | D:3      | Reached ** piety under Nemelex Xobeh
  1662 | D:3      | Reached XP level 4. HP: 30/37 MP: 3/3
  1801 | D:3      | Noticed Ijyb
  1809 | D:3      | Noticed a phantom
  1815 | D:3      | Killed Ijyb
  1825 | D:3      | Killed a phantom
  1826 | D:3      | Reached XP level 5. HP: 38/42 MP: 4/4
  1901 | D:3      | Received a gift from Nemelex Xobeh
  2295 | D:3      | Identified the +8 falchion of Neotofuj {venom, rC+}
  2751 | D:4      | Reached skill level 1 in Long Blades
  3102 | D:4      | Reached XP level 6. HP: 50/50 MP: 5/5
  3139 | D:4      | Reached skill level 2 in Long Blades
  3247 | D:4      | Reached *** piety under Nemelex Xobeh
  3371 | D:5      | Entered Level 5 of the Dungeon
  3412 | D:5      | Reached skill level 3 in Long Blades
  3431 | D:5      | You fall into a shaft and drop 1 floor!
  3440 | D:6      | Reached skill level 4 in Long Blades
  3511 | D:6      | Found an opulent altar of Gozag.
  3588 | D:5      | Reached skill level 5 in Long Blades
  3598 | D:5      | Reached XP level 7. HP: 24/56 MP: 6/6
  3662 | D:5      | Received a gift from Nemelex Xobeh
  3675 | D:5      | Found a blossoming altar of Fedhas.
  3724 | D:5      | Reached skill level 6 in Long Blades
  3865 | D:5      | Reached skill level 7 in Long Blades
  3978 | D:5      | Noticed Menkaure
  4031 | D:6      | Gained mutation: Your spells are a little easier to cast,
                  | but a little less powerful. [potion of mutation]
  4032 | D:6      | Lost mutation: Your spells are a little easier to cast, but
                  | a little less powerful. [potion of mutation]
  4032 | D:6      | Gained mutation: Your spells are a little easier to cast,
                  | but a little less powerful. [potion of mutation]
  4032 | D:6      | Gained mutation: Your body sometimes deteriorates upon
                  | taking damage. [potion of mutation]
  4032 | D:6      | Gained mutation: Your mind is acute. (Int +4, Str/Dex -1)
                  | [potion of mutation]
  4033 | D:6      | Lost mutation: Your body sometimes deteriorates upon taking
                  | damage. [potion of mutation]
  4033 | D:6      | Lost mutation: Your mind is acute. (Int +4, Str/Dex -1)
                  | [potion of mutation]
  4033 | D:6      | Gained mutation: Potions are less effective at restoring
                  | your health. [potion of mutation]
  4072 | D:6      | Reached skill level 8 in Long Blades
  4095 | D:7      | Reached **** piety under Nemelex Xobeh
  4101 | D:7      | Reached XP level 8. HP: 62/62 MP: 7/7
  4207 | D:7      | Found Wonifala's Armour Shop.
  4221 | D:7      | Reached skill level 9 in Long Blades
  4258 | D:7      | Bought a +1 cloak for 149 gold pieces
  4477 | D:7      | Reached skill level 10 in Long Blades
  4550 | D:7      | Found a flagged portal.
  4573 | Bailey   | Entered a bailey
  4665 | Bailey   | HP: 3/62 [gnoll/+0 trident (3)]
  4665 | Bailey   | Mangled by a gnoll

Illustrated notes

Levels and vault maps discovered:
D:1:      dpeg_arrival_rooms_c, layout_loops_cross,
          dreamdust_ecumenical_altar_hidden_monk_grotto, corexii_corridor_pit,
          grunt_decor_fettered
D:2:      layout_rooms
D:3:      wad_lake_hut, layout_basic, grunt_dithmenos_smoke,
          hangedman_decor_growths, uniq_ijyb
D:4:      layout_cave_pods, serial_park_tiny_pond, kennysheep_crisscross,
          minmay_parallelograms
D:5:      layout_basic, mainiacjoe_overflow_small_starburst, serial_shops,
          nicolae_diamond_shop, uniq_menkaure
D:6:      layout_gridville, mainiacjoe_overflow_six_doors_small,
          lemuel_round_altar
D:7:      layout_loops_corners, minmay_temple_entry_fiery, enter_bailey_4,
          serial_shops, nicolae_shop_hallway_plus
Bailey:   bailey_polearm_gnolls_kennysheep, bailey

Skill      XL: |  1  2  3  4  5  6  7  8 |
---------------+-------------------------+-----
Maces & Flails | 4 5 6 7 |  7.8
Long Blades    | 1 5 8 10 | 10.8
Fighting       | |  2.4
Throwing       | |  2.0
Dodging        | |  3.2

Action                   |  1- 3 |  4- 6 |  7- 9 || total
-------------------------+-------+-------+-------++-------
Melee: Flail             |    83 |    53 |       ||   136
       Headbutt          |    10 |    19 |    11 ||    40
       Falchion          |       |    39 |    88 ||   127
       Punch             |       |       |     2 ||     2
Invok: Draw Summoning    |       |     1 |       ||     1
  Use: Scroll            |       |       |     6 ||     6
       Potion            |       |       |     3 ||     3
Armor: Chain mail        |    49 |    45 |    37 ||   131
Dodge: Dodged            |    31 |    36 |    42 ||   109
